AoeStats
← Reis

Arabia

507327852Analyzed
4v4 RM · 15d ago on Sep 17, 2026· 34m 35s· 8 players
Game mode
Random Map
Map size
Large (8 player)
Population
200
Speed
Normal
Resources
Standard
Victory
Conquest
Starting age
Dark Age
Ending age
Imperial Age
RankedLock teamsTeams togetherTeam positionsShared explorationLock speedFull tech treeHidden civsTurbo modeCheats
Victory
Defeat
🇩🇪 Cumans · Germany
1425
+13
🇨🇴 Vikings · Colombia
1410
+13
🇹🇼 Bulgarians · Taiwan
1315
+17
🇵🇪 Vietnamese · Peru
1288
+18
🇫🇷 Goths · France
1395
-17
🇨🇭 Burmese · Switzerland
1344
-15
🇻🇳 Hindustanis · Vietnam
1331
-15
🇨🇳 Portuguese · China
1323
-14
Reis
10:34 Feudal Age
9:58 Loom
16:14 Castle Age
18:44 Scale Barding Armor
25:47 Horse Collar
29:28 Wheelbarrow
29:43 Stone Mining
30:55 Gold Mining
Chacal90z
0:35 Loom
9:21 Feudal Age
10:58 Double-Bit Axe
14:27 Forging
18:06 Wheelbarrow
17:52 Horse Collar
22:00 Castle Age
21:01 Bloodlines
21:05 Gold Mining
23:33 Iron Casting
23:22 Husbandry
27:16 Bow Saw
31:20 Stone Mining
Phu Thuy
6:33 Loom
10:22 Feudal Age
10:48 Double-Bit Axe
14:32 Fletching
15:46 Town Watch
16:08 Padded Archer Armor
19:14 Wheelbarrow
22:46 Gold Mining
22:39 Horse Collar
25:45 Castle Age
26:21 Bodkin Arrow
26:42 Leather Archer Armor
26:58 Crossbowman
28:05 Thumb Ring
30:29 Heavy Plow
30:45 Bow Saw
33:10 Ballistics
探探0401
15:08 Feudal Age
16:19 Loom
17:10 Wheelbarrow
21:33 Double-Bit Axe
21:50 Horse Collar
27:26 Castle Age
28:56 Crossbowman
rikardo_latino
0:28 Loom
10:50 Feudal Age
12:10 Town Watch
21:52 Horse Collar
23:21 Wheelbarrow
25:03 Double-Bit Axe
29:28 Castle Age
28:01 Bloodlines
28:02 Scale Barding Armor
28:08 Forging
29:05 Fletching
30:08 Gold Mining
29:49 Capped Ram
30:51 Bow Saw
30:57 Heavy Plow
31:51 Chain Barding Armor
32:07 Iron Casting
AM | Tailor
7:08 Loom
9:46 Feudal Age
10:38 Double-Bit Axe
17:19 Scale Barding Armor
17:44 Horse Collar
21:43 Castle Age
20:31 Forging
23:34 Chain Barding Armor
27:24 Iron Casting
29:14 Bow Saw
34:48 Imperial Age
32:30 Stone Mining
32:31 Gold Mining
Nome(more distinct)
4:55 Loom
9:37 Feudal Age
12:29 Double-Bit Axe
16:09 Scale Barding Armor
16:09 Horse Collar
17:44 Forging
19:46 Fletching
22:52 Castle Age
25:21 Bow Saw
26:40 Wheelbarrow
26:58 Chain Barding Armor
28:35 Heavy Plow
30:55 Bloodlines
30:45 Husbandry
30:48 Stone Mining
30:51 Gold Mining
32:55 Iron Casting
33:50 Hand Cart
34:13 Husbandry
enriquedav
8:10 Loom
10:40 Feudal Age
11:10 Double-Bit Axe
16:35 Gold Mining
19:19 Fletching
24:27 Castle Age
22:22 Horse Collar
23:13 Padded Archer Armor
26:34 Wheelbarrow
26:16 Crossbowman
27:54 Bodkin Arrow
28:53 Bow Saw
29:28 Stone Mining
30:29 Hand Cart
32:50 Thumb Ring
34:30 Town Watch
35:06 Leather Archer Armor
Connection lost

Rejoining the realm…

Still unreachable

The connection could not be restored.

Session expired

The server has moved on; the page needs a fresh start.